 Dungeon Crawl Stone Soup version 0.29.1-1-gd02db6906a (webtiles) character file.

Game seed: 8639483883477713034

37900 raistware the Devastator (level 13, -24/74 HPs)
             Began as an Octopode Conjurer on Sept 28, 2022.
             Was a High Priest of Vehumet.
             Killed from afar by sentinel's ghost (44 damage)
             ... with a stone arrow
             ... on level 2 of the Lair of Beasts.
             The game lasted 01:04:41 (17230 turns).

raistware the Devastator (Octopode Conjurer)       Turns: 17230, Time: 01:04:48

Health: -24/74     AC:  1    Str:  6    XL:     13   Next: 99%
Magic:  4/29       EV: 15    Int: 25    God:    Vehumet [*****.]
Gold:   796        SH:  0    Dex: 23    Spells: 7/36 levels left

rFire   + . .      SeeInvis .   A - +9 short sword "Killer Klown's Peril" {freeze, Fly rPois}
rCold   . . .      Faith    .   (no shield)
rNeg    + . .      Spirit   .   (helmet restricted)
rPois   +          Reflect  .   d - amulet of magic regeneration
rElec   .          Harm     .   E - +6 ring of dexterity
rCorr   .          Rampage  .   I - +6 ring of dexterity
Will    .....                   Q - ring of protection from fire
Stlth   ++++......              R - ring of positive energy
HPRegen 0.22/turn               (no ring)
MPRegen 0.61/turn               (no ring)
                                (no ring)
                                (no ring)

@: flying
A: almost no armour, amphibious, 8 rings, camouflage 1, gelatinous body 1,
(nimble swimmer 1), tentacles
a: Renounce Religion


You were on level 2 of the Lair of Beasts.
You worshipped Vehumet.
Vehumet was extremely pleased with you.
You visited 3 branches of the dungeon, and saw 15 of its levels.
You also visited: Bailey.

You collected 949 gold pieces.
You spent 153 gold pieces at shops.

Inventory:

Hand Weapons
 r - the +7 short sword "Fudupeta" {vorpal, Int+4 Dex+5}
   (You found it on level 3 of the Dungeon)

   It inflicts extra damage upon your enemies.
   Int:       It affects your intelligence (+4).
   Dex:       It affects your dexterity (+5).
 A - the +9 short sword "Killer Klown's Peril" (weapon) {freeze, Fly rPois}
   (You found it on level 8 of the Dungeon)

   It freezes those it strikes, dealing additional cold damage.
   It can also slow down cold-blooded creatures.
   rPois:     It protects you from poison.
   Fly:       It grants you flight.
 V - the +6 spear of Veceomaf {venom, rElec rF++ rCorr Dex-3}
   (You took it off a centaur on level 3 of the Lair of Beasts)

   It poisons the flesh of those it strikes.
   Dex:       It affects your dexterity (-3).
   rF:        It greatly protects you from fire.
   rElec:     It insulates you from electricity.
   rCorr:     It protects you from acid and corrosion.
Missiles
 G - 5 javelins
 P - 31 poisoned darts
Armour
 K - a +2 kite shield of fire resistance
 S - an orb of energy
Magical Staves
 J - a staff of conjuration
 W - a staff of air
Jewellery
 d - an amulet of magic regeneration (around mantle)
 E - a +6 ring of dexterity (left tentacle)
 I - a +6 ring of dexterity (right tentacle)
 Q - a ring of protection from fire (on tentacle)
 R - a ring of positive energy (on tentacle)
Wands
 y - a wand of roots (12)
 B - a wand of paralysis (8)
 H - a wand of mindburst (8)
 N - a wand of flame (33)
 T - a wand of digging (6)
Scrolls
 b - 5 scrolls of teleportation
 h - 2 scrolls of summoning
 j - 2 scrolls of butterflies
 l - 4 scrolls of amnesia
 m - 4 scrolls of enchant armour
 o - 7 scrolls of enchant weapon
 q - a scroll of torment {unknown}
 t - a scroll of blinking {unknown}
 u - 3 scrolls of poison
 w - 3 scrolls of immolation {unknown}
 z - 3 scrolls of fear
 D - 2 scrolls of noise {unknown}
 L - 4 scrolls of vulnerability
 M - 3 scrolls of magic mapping {unknown}
Potions
 a - 2 potions of magic
 c - 3 potions of invisibility
 e - 4 potions of haste
 f - 8 potions of curing
 g - 3 potions of brilliance
 i - a potion of resistance
 k - 2 potions of cancellation {unknown}
 n - 2 potions of heal wounds
 p - 3 potions of ambrosia
 s - 3 potions of mutation
 v - 2 potions of attraction {unknown}
 x - 4 potions of flight
 C - 3 potions of degeneration {unknown}
 F - 2 potions of lignification {unknown}
 O - a potion of berserk rage {unknown}


   Skills:
 - Level 2.0 Fighting
 - Level 3.0 Dodging
 - Level 3.0 Stealth
 - Level 12.0 Spellcasting
 * Level 16.9 Conjurations
 - Level 2.0 Translocations
 + Level 10.6 Fire Magic


You had 7 spell levels left.
You knew the following spells:

 Your Spells              Type           Power      Damage    Failure   Level
a - Magic Dart            Conj           100%       1d8       0%          1
b - Iskenderun's Mystic   Conj/Tloc      58%        2d12      1%          4
c - Mephitic Cloud        Conj/Pois/Air  43%        N/A       1%          3
d - Ignite Poison         Fire/Tmut/Pois 32%        N/A       1%          3
e - Freezing Cloud        Conj/Ice/Air   21%        6-21      3%          5
f - Fire Storm            Conj/Fire      35%        8d9       96%         9
g - Olgreb's Toxic Radia  Pois           15%        N/A       11%         4

Your spell library contained the following spells:

 Spells                   Type           Power      Damage    Failure   Level
 Yara's Violent Unravell  Hex/Tmut       7%         3d5       28%         5
 Searing Ray              Conj           100%       2d8       0%          2
 Dazzling Flash           Conj/Hex       100%       N/A       1%          3
 Fulminant Prism          Conj/Hex       27%        3d14      1%          4
 Hailstorm                Conj/Ice       55%        3d12      1%          4
 Gell's Gravitas          Tloc           25%        N/A       5%          3
 Lesser Beckoning         Tloc           25%        N/A       5%          3
 Teleport Other           Tloc           25%        N/A       5%          3
 Ice Form                 Ice/Tmut       15%        N/A       36%         4
 Summon Forest            Summ/Tloc      10%        N/A       58%         5
 Summon Mana Viper        Hex/Summ       15%        N/A       73%         5
 Simulacrum               Ice/Necr       7%         N/A       99%         6
 Summon Cactus Giant      Summ           7%         N/A       99%         6
 Chain Lightning          Conj/Air       27%        3d36      100%        9
 Shatter                  Erth           7%         3d10*     100%        9


Dungeon Overview and Level Annotations

Branches:
Dungeon (9/15)             Temple (1/1) D:4            Lair (5/5) D:8
 Shoals (0/4) Lair:3        Snake (0/4) Lair:3        Slime (0/5) Lair:4
    Orc (0/2) D:9          Bailey (visited)

Altars:
Ashenzari
Cheibriados
Dithmenos
Elyvilon
Fedhas
Hepliaklqana
Kikubaaqudgha
Makhleb
Nemelex Xobeh
Okawaru
Qazlal
Ru
Trog
Uskayaw
Vehumet
Wu Jian
Yredelemnul
Zin
The Shining One

Shops:
D:4 *   D:6 *   D:7 =*

Annotations:
Lair:2 sentinel's ghost, journeyman MeEE
Lair:4 3 runed translucent doors, mtoz's ghost, journeyman GrBe


Innate Abilities, Weirdness & Mutations

You cannot wear most types of armour.
You are amphibious.
You can wear up to eight rings at the same time.
Your skin changes colour to match your surroundings (Stealth+).
Your rubbery body absorbs attacks. (AC +1, EV +1)
((You are camouflaged when in or above water. (Stealth+)))
You have tentacles for arms and can constrict up to eight enemies at once.


Message History

Aim: sentinel's ghost, wielding a weapon of electrocution (almost destroyed, chance to affect: 20%) Sentinel's ghost resists with almost no effort.
Aiming: Mindburst
Press: ? - help, Shift-Dir - straight line, f/p - sentinel's ghost
Aim: sentinel's ghost, wielding a weapon of electrocution (almost destroyed, chance to affect: 20%) Sentinel's ghost resists with almost no effort.
Aiming: Mindburst
Press: ? - help, Shift-Dir - straight line, f/p - sentinel's ghost
Aim: sentinel's ghost, wielding a weapon of electrocution (almost destroyed, chance to affect: 20%) Sentinel's ghost resists with almost no effort.
Sentinel's ghost misses you.
Casting: Iskenderun's Mystic Blast (safe; 1% risk of failure)
Confirm with . or Enter, or press ? or * to list all spells.
You erupt in a blast of force!
The mystic blast hits sentinel's ghost but does no damage.
Sentinel's ghost is almost destroyed.
Sentinel's ghost misses you.
Okay, then.
Okay, then.
Okay, then.
You feel much better. Sentinel's ghost completely misses you.
Press: ? - help, v - describe, . - travel
Here: sentinel's ghost, wielding a weapon of electrocution (almost destroyed)
An open translucent gate.
Sentinel's ghost attacks as you move away!
Sentinel's ghost hits you.
You closely miss sentinel's ghost. You squeeze sentinel's ghost.
Sentinel's ghost is almost destroyed.
Sentinel's ghost hits you!
You hit sentinel's ghost but do no damage.
Sentinel's ghost is almost destroyed.
Sentinel's ghost hits you!
* * * LOW HITPOINT WARNING * * *
You hit sentinel's ghost but do no damage.
Your squeeze misses sentinel's ghost.
Sentinel's ghost is almost destroyed.
Sentinel's ghost gestures at you while chanting.
The stone arrow hits you!!!
Ouch! That really hurt!
You die...

..### ### ##......### #......
....###.#####.(.....+.#####......
P##..........'<...........'......
######...##..#...>.<#P#PP.#......
#########.##.#.#####P##..#..
########..## ####.....
#.♣.##....# #.#...# #♣)...#.#.###
####+#.# # ♣.?.°§'.@...#
##......# # ♣".§§§'W...##
#.......# ######
~..§°.'..########.......'
..#.P####♣....#......##.##......P
#.......##♣.~##......'..........P
.....#### ####.......##.##......#
.##### ##........###.......#
..#.# #........## #.......# #..##
##.......# ##.......


You could see sentinel's ghost.

Vanquished Creatures
  Snorg (Lair:4)
  4 hydras
  Amaemon (Lair:1)
  A goliath frog (Lair:5)
  Pikel (D:5)
  A necromancer (Lair:3)
  An orc knight (Bailey)
  A wolf spider (Lair:1)
  An oklob plant (Lair:4)
  4 black mambas
  9 elephants
  An orange demon (Lair:1)
  13 cane toads
  4 rime drakes
  8 komodo dragons
  A troll (D:9)
  31 blink frogs
  4 dream sheep (Lair:4)
  2 slime creatures (Lair:4)
  34 yaks
  3 wyverns
  A basilisk (Lair:5)
  A steam dragon (Lair:2)
  2 vampire mosquitoes (Lair:5)
  16 water moccasins
  7 orc warriors
  2 sky beasts
  2 ice beasts
  2 black bears (Lair:2)
  4 ogres
  6 centaurs
  3 phantoms
  5 wolves (Lair:1)
  2 lemures (D:5)
  2 kobold brigands (D:9)
  2 gnoll sergeants
  A necrophage (D:6)
  14 bullfrogs
  3 scorpions
  4 wights (D:8)
  6 killer bees (D:8)
  3 jellies
  4 hounds
  9 orc priests
  Crazy Yiuf (D:7)
  A gnoll bouda (D:6)
  5 iguanas
  Natasha (thrice) (D:4)
  3 orc wizards
  3 polar bear simulacra (Lair:3)
  A yak simulacrum (Lair:3)
  3 wolf simulacra (Lair:3)
  15 gnolls
  11 adders
  A shadow imp (D:6)
  An ufetubus (D:6)
  2 adder zombies (D:4)
  2 worms
  A dart slug (D:5)
  69 orcs
  8 ball pythons
  9 bats
  9 endoplasms
  2 giant cockroaches
  10 goblins
  5 hobgoblins
  7 jackals
  4 quokkas
  A frilled lizard (D:1)
  17 kobolds
  7 rats
  4 river rat simulacra (Lair:3)
432 creatures vanquished.

Vanquished Creatures (others)
  35 fungi
  87 plants
122 creatures vanquished.

Grand Total: 554 creatures vanquished

Notes
Turn   | Place    | Note
-------+----------+-------------------------------------------
     0 | D:1      | raistware the Octopode Conjurer began the quest for the
                  | Orb.
     0 | D:1      | Reached XP level 1. HP: 11/11 MP: 3/3
   195 | D:1      | Found a faded altar of an unknown god.
   300 | D:1      | Reached XP level 2. HP: 17/17 MP: 3/5
   939 | D:1      | Reached XP level 3. HP: 21/21 MP: 4/7
  1561 | D:2      | Reached XP level 4. HP: 27/27 MP: 4/9
  1567 | D:2      | Learned a level 4 spell: Iskenderun's Mystic Blast
  2371 | D:3      | Reached skill level 1 in Translocations
  2593 | D:3      | Reached XP level 5. HP: 11/31 MP: 3/11
  2593 | D:3      | HP: 1/31 [orc/+0 war axe (10)]
  2923 | D:3      | Noticed an ogre
  3020 | D:3      | Identified the +7 short sword "Fudupeta" {vorpal, Int+4
                  | Dex+5}
  3425 | D:3      | Killed an ogre
  3426 | D:3      | Reached XP level 6. HP: 36/36 MP: 5/13
  3509 | D:3      | Learned a level 3 spell: Mephitic Cloud
  3607 | D:4      | Noticed Natasha
  3620 | D:4      | Killed Natasha
  3656 | D:4      | Noticed Natasha
  3729 | D:4      | Killed Natasha
  3735 | D:4      | Found a blossoming altar of Fedhas.
  3755 | D:4      | Noticed Natasha
  3759 | D:4      | Killed Natasha
  3760 | D:4      | Reached skill level 5 in Spellcasting
  3859 | D:4      | Learned a level 3 spell: Ignite Poison
  3860 | D:4      | Found Luorewung's Mass Market.
  3978 | D:4      | Found a basalt altar of Yredelemnul.
  4079 | D:4      | Reached skill level 5 in Conjurations
  4079 | D:4      | Reached skill level 1 in Fire Magic
  4079 | D:4      | Reached XP level 7. HP: 41/41 MP: 4/14
  4426 | D:4      | Found a staircase to the Ecumenical Temple.
  4439 | Temple   | Entered the Ecumenical Temple
  4550 | Temple   | Became a worshipper of Vehumet
  4585 | D:5      | Entered Level 5 of the Dungeon
  5554 | D:5      | Noticed Pikel
  5566 | D:5      | Reached skill level 6 in Conjurations
  5569 | D:5      | Killed Pikel
  5570 | D:5      | Reached skill level 7 in Conjurations
  5570 | D:5      | Reached XP level 8. HP: 40/46 MP: 11/17
  6000 | D:5      | Noticed a moth of wrath
  6003 | D:5      | Found a bloodstained altar of Trog.
  6583 | D:6      | Learned a level 5 spell: Freezing Cloud
  6594 | D:6      | Reached skill level 8 in Conjurations
  6594 | D:6      | Reached XP level 9. HP: 42/51 MP: 3/19
  6803 | D:6      | Found Xodas's Assorted Antiques.
  6932 | D:6      | Bought a lumpy sapphire potion for 26 gold pieces
  6932 | D:6      | Bought a coppery potion for 26 gold pieces
  6932 | D:6      | Bought a scroll labelled NYINGE KOFF for 29 gold pieces
  6969 | D:6      | Reached * piety under Vehumet
  6969 | D:6      | Offered knowledge of Sandblast by Vehumet.
  7460 | D:6      | Found a hide-covered altar of Uskayaw.
  7502 | D:7      | Reached skill level 9 in Conjurations
  7815 | D:7      | Found Dumoppoy's Jewellery Boutique.
  8182 | D:7      | Found a flagged portal.
  8202 | Bailey   | Entered a bailey
  8291 | Bailey   | Offered knowledge of Foxfire by Vehumet.
  8293 | Bailey   | Reached ** piety under Vehumet
  8548 | Bailey   | Noticed an orc knight
  8554 | Bailey   | Killed an orc knight
  8555 | Bailey   | Reached XP level 10. HP: 56/56 MP: 19/22
  8557 | Bailey   | Reached skill level 10 in Conjurations
  8592 | Bailey   | Identified the +8 plate armour of Beogh's Reproof {Contam
                  | Str+7 Stlth+}
  8741 | D:7      | Learned a level 9 spell: Fire Storm
  8904 | D:7      | Found Qaynobby's Assorted Antiques.
  8908 | D:7      | Bought a scroll labelled MISHRE HIULUNT for 24 gold pieces
  8908 | D:7      | Bought a scroll labelled MACKUI RUGROJO for 24 gold pieces
  8908 | D:7      | Bought a scroll labelled EXEEB QAPHYN for 24 gold pieces
  9064 | D:7      | Found a runed translucent door.
  9065 | D:7      | Noticed Crazy Yiuf
  9355 | D:7      | Killed Crazy Yiuf
  9587 | D:8      | Found a staircase to the Lair.
  9652 | D:8      | Offered knowledge of Inner Flame by Vehumet.
 10076 | D:8      | Identified the +9 short sword "Killer Klown's Peril"
                  | {freeze, Fly rPois}
 10339 | D:9      | Reached *** piety under Vehumet
 10347 | D:9      | Reached skill level 11 in Conjurations
 10452 | D:9      | Found an iron altar of Okawaru.
 10477 | D:9      | Reached skill level 5 in Fire Magic
 10573 | D:9      | Reached XP level 11. HP: 62/62 MP: 12/24
 10638 | D:9      | Reached skill level 10 in Spellcasting
 10644 | D:9      | Reached skill level 1 in Fighting
 10653 | D:9      | Offered knowledge of Stone Arrow by Vehumet.
 10899 | D:9      | Reached **** piety under Vehumet
 10932 | D:9      | Found a staircase to the Orcish Mines.
 11300 | Lair:1   | Entered Level 1 of the Lair of Beasts
 11300 | Lair:1   | Noticed Amaemon
 11307 | Lair:1   | Offered knowledge of Olgreb's Toxic Radiance by Vehumet.
 11308 | Lair:1   | Killed Amaemon
 11309 | Lair:1   | Reached skill level 12 in Conjurations
 11320 | Lair:1   | Learned a level 4 spell: Olgreb's Toxic Radiance
 11768 | Lair:1   | HP: 3/63 [wolf (1)]
 11921 | Lair:1   | Noticed a wolf spider
 12716 | Lair:1   | Noticed a wolf spider
 12723 | Lair:1   | Killed a wolf spider
 12724 | Lair:1   | Reached skill level 13 in Conjurations
 13237 | Lair:2   | Found a runed translucent gate.
 13238 | Lair:2   | Found a runed translucent gate.
 13238 | Lair:2   | Noticed sentinel's ghost (journeyman MeEE)
 13238 | Lair:2   | Noticed a 12-headed hydra
 13239 | Lair:2   | Found a runed translucent gate.
 13630 | Lair:2   | Reached XP level 12. HP: 70/70 MP: 17/26
 13794 | Lair:2   | Noticed a seven-headed hydra
 13800 | Lair:2   | Killed a seven-headed hydra
 13888 | Lair:2   | Reached ***** piety under Vehumet
 14222 | Lair:3   | Found a staircase to the Snake Pit.
 14231 | Lair:3   | Noticed a seven-headed hydra
 14274 | Lair:3   | Reached skill level 14 in Conjurations
 14285 | Lair:3   | Offered knowledge of Airstrike by Vehumet.
 14291 | Lair:3   | Killed a seven-headed hydra
 15039 | Lair:3   | Identified the +6 spear of Veceomaf {venom, rElec rF++
                  | rCorr Dex-3}
 15276 | Lair:3   | Found a staircase to the Shoals.
 15785 | Lair:4   | Reached skill level 15 in Conjurations
 15785 | Lair:4   | Reached XP level 13. HP: 63/74 MP: 14/28
 16066 | Lair:4   | You are sucked into a shaft and drop 1 floor!
 16066 | Lair:5   | Entered Level 5 of the Lair of Beasts
 16097 | Lair:5   | Reached skill level 16 in Conjurations
 16102 | Lair:5   | Reached skill level 10 in Fire Magic
 16406 | Lair:4   | Noticed Snorg
 16433 | Lair:4   | Killed Snorg
 16487 | Lair:4   | Found a runed translucent gate.
 16487 | Lair:4   | Found a runed translucent gate.
 16487 | Lair:4   | Found a runed translucent gate.
 16491 | Lair:4   | Noticed mtoz's ghost (journeyman GrBe)
 16798 | Lair:4   | Offered knowledge of Yara's Violent Unravelling by Vehumet.
 16901 | Lair:4   | Found a staircase to the Slime Pits.
 17230 | Lair:2   | Killed from afar by sentinel's ghost

Illustrated notes

Levels and vault maps discovered:
D:1:      sevenhm_arrival_forest_fort_small_4, layout_basic,
          shapermc_ecumenical_altar_mp_highgroup, st_stairs_14
D:2:      layout_loops_corners, nicolae_titane
D:3:      layout_rooms, reono_crystal_passage
D:4:      layout_cave_pools, lemuel_zombie_altar_yredelemnul, fedhas_altar_2,
          minmay_temple_entry_glassed_door, minmay_shop_mass, uniq_natasha
D:5:      layout_loops_corners, tgw_trog, uniq_pikel
D:6:      layout_rooms, mainiacjoe_overflow_alcove_1, serial_shops,
          nicolae_shop_statue_plus, minmay_misc_feat_pillars
D:7:      layout_loops_ring, serial_glass, glass_columns_a, glass_columns_b,
          glass_columns_a, glass_columns_a, lightli_bailey_entry_fortress,
          serial_shops, nicolae_shop_behind_doors, corexii_corridor_pit,
          nicolae_stop_n_shop_2, uniq_crazy_yiuf_cottage
D:8:      layout_basic, lair_entry_dummy
D:9:      layout_rooms, okawaru_trees_2, hiddenorc2_lemuel
Temple:   eino_temple_water
Lair:1:   layout_chaotic_city, nicolae_lair_run_with_the_wolves,
          grunt_megastairs_3, lemuel_fruit_tree, uniq_amaemon
Lair:2:   layout_roguey, gammafunk_ghost_hydra_chop, grunt_megastairs_2
Lair:3:   layout_cave_pods, minmay_shoals_entry_centaurs, dummy_snake_entry,
          eino_house_with_fridge
Lair:4:   layout_misc_corridors, minmay_slime_entry_pillars,
          gammafunk_ghost_split, uniq_snorg
Lair:5:   minmay_lair_end_frog_pond, layout_misc_corridors, lemuel_oklob_altar,
          grunt_megastairs_4

Skill      XL: |  1  2  3  4  5  6  7  8  9 10 11 12 13 |
---------------+----------------------------------------+-----
Spellcasting   | 3 4 5 6 7 8 9 10 11 12 | 12.0
Translocations | 2 |  2.0
Dodging        | 3 |  3.0
Stealth        | 3 |  3.0
Conjurations   | 5 7 8 9 11 13 15 16 | 16.9
Fire Magic     | 1 2 3 5 7 8 10 | 10.6
Fighting       | 1 2 |  2.0

Action                   |  1- 3 |  4- 6 |  7- 9 | 10-12 | 13-15 || total
-------------------------+-------+-------+-------+-------+-------++-------
Melee: Unarmed           |     4 |     7 |       |       |       ||    11
       Constrict         |     2 |     5 |    16 |    22 |     2 ||    47
       Tentacles         |     1 |     4 |    13 |    23 |     4 ||    45
       Short sword       |       |    18 |    59 |    93 |    16 ||   186
       Punch             |       |       |     1 |     2 |       ||     3
 Cast: Magic Dart        |    71 |   106 |   243 |   192 |    14 ||   626
       Iskenderun's Myst |       |     2 |    19 |    80 |    36 ||   137
       Mephitic Cloud    |       |       |     2 |    11 |       ||    13
       Freezing Cloud    |       |       |       |    40 |    15 ||    55
       Olgreb's Toxic Ra |       |       |       |     3 |     5 ||     8
       Ignite Poison     |       |       |       |     2 |     3 ||     5
Evoke: Wand              |       |       |     3 |     1 |     8 ||    12
  Use: Potion            |       |       |     1 |       |     1 ||     2
       Scroll            |       |       |     8 |     7 |     3 ||    18
 Stab: Sleeping          |       |     2 |     2 |     3 |       ||     7
       Confused          |       |       |       |     1 |       ||     1
       Paralysed         |       |       |       |     3 |       ||     3
Armor: Skin              |     2 |       |     7 |     5 |     1 ||    15
Dodge: Dodged            |     8 |    22 |    70 |    94 |    22 ||   216
